[Event "Titled Tuesday Blitz August 15 Late 2023"]
[White "Mickiewicz, Piotr"]
[Black "Bazeev, German"]
[WhiteFideId "1114891"]
[BlackFideId "24119350"]
[WhiteElo "2524"]
[BlackElo "2776"]
[Result "0-1"]
[Round "5"]
[TimeControl "180+1"]
[Date "2023.08.15"]
[WhiteClock "0:00:03"]
[BlackClock "0:00:19"]
[Board "39"]

1. d4 Nf6 2. c4 e6 3. g3 d5 4. Bg2 Bb4+ 5. Nd2 O-O 6. Qc2 Bd7 7. Nf3 dxc4 8. O-O Bxd2 9. Bxd2 Bc6 10. Qxc4 Nbd7 11. Rfd1 h6 12. Rac1 a5 13. Bf4 a4 14. Ne5 Bxg2 15. Kxg2 c6 16. Qb4 Qb6 17. Qxb6 Nxb6 18. Rc2 Rfd8 19. f3 Nbd5 20. Bd2 Ne7 21. Be1 Nfd5 22. Bd2 Nc7 23. Be1 Nb5 24. e3 Nd5 25. Kf2 Nb6 26. Ke2 f6 27. Nd3 Nd7 28. Bf2 Kf7 29. e4 g5 30. Be3 f5 31. d5 exd5 32. exd5 cxd5 33. Nc5 Rac8 34. Rxd5 b6 35. Rxf5+ Kg6 36. Rd5 Nxc5 37. Rxd8 Rxd8 38. Bxc5 bxc5 39. Rxc5 Nd4+ 40. Kf2 Re8 41. Ra5 Re2+ 42. Kf1 Rxb2 43. Rxa4 Nxf3 44. h4 Kf5 45. hxg5 hxg5 46. g4+ Ke5 47. a3 Nd2+ 48. Ke1 Ne4 49. Ra5+ Kf4 50. a4 Ke3 51. Ra8 Rb1# 0-1


[Site "https://www.chess.com"]

[Event "Titled Tuesday Blitz August 15 Late 2023"]
[White "Stearman, Josiah"]
[Black "djathtaspogradec"]
[WhiteFideId "2062496"]
[WhiteElo "2769"]
[BlackElo "2466"]
[Result "1-0"]
[Round "5"]
[TimeControl "180+1"]
[Date "2023.08.15"]
[WhiteClock "0:00:30"]
[BlackClock "0:00:14"]
[Board "40"]

1. e4 e5 2. Nf3 Nc6 3. Bc4 Nf6 4. O-O Bc5 5. d4 Bxd4 6. Nxd4 Nxd4 7. f4 d6 8. fxe5 dxe5 9. Bg5 Be6 10. Na3 Qd6 11. c3 Nxe4 12. Bh4 Nf5 13. Qa4+ Bd7 14. Bxf7+ Kxf7 15. Qxe4 Rhf8 16. Rxf5+ Bxf5 17. Qxf5+ Kg8 18. Qc2 Qb6+ 19. Bf2 Qc6 20. Re1 Rad8 21. Rxe5 Qf6 22. Re1 Kh8 23. Nc4 a6 24. Ne5 Rde8 25. Nf3 Rxe1+ 26. Nxe1 Re8 27. Nf3 Qe6 28. Ng5 Qg6 29. Qxg6 hxg6 30. Kf1 Kg8 31. Nf3 Kf7 32. Bd4 Re6 33. Ng5+ Ke7 34. Nxe6 Kxe6 35. Bxg7 1-0


[Site "https://www.chess.com"]

[Event "Titled Tuesday Blitz August 15 Late 2023"]
[White "Ribeiro, Matheus Mendes Domingues"]
[Black "Badmatsyrenov, Oleg"]
[WhiteFideId "324226923"]
[BlackFideId "24115762"]
[WhiteElo "2454"]
[BlackElo "2768"]
[Result "1-0"]
[Round "5"]
[TimeControl "180+1"]
[Date "2023.08.15"]
[WhiteClock "0:00:04"]
[BlackClock "0:00:03"]
[Board "41"]

1. c4 Nf6 2. Nc3 c5 3. Nf3 e6 4. e3 b6 5. d4 cxd4 6. exd4 Bb4 7. Bd3 Bb7 8. O-O Bxc3 9. bxc3 d6 10. Qe2 O-O 11. Bg5 Nbd7 12. Rfe1 Qc7 13. Rad1 Rfe8 14. Nd2 Rac8 15. h3 h6 16. Bf4 e5 17. Be3 e4 18. Bc2 d5 19. cxd5 Nxd5 20. Nb1 Nxc3 21. Nxc3 Qxc3 22. Bb3 Nf6 23. d5 Qa5 24. Bd4 Bxd5 25. Bxf6 Bxb3 26. Qg4 g6 27. axb3 Rc6 28. Bd4 Rce6 29. Qe2 Kh7 30. Qd2 Qf5 31. Bc3 R8e7 32. Qd4 f6 33. Re2 a5 34. Rde1 h5 35. f3 exf3 36. Rxe6 Rxe6 37. Qd7+ Kh6 38. Bd2+ g5 39. Bxg5+ Kxg5 40. Qg7+ Kh4 41. Rxe6 Qxe6 42. Kh2 Qd6+ 43. g3+ Qxg3+ 44. Qxg3# 1-0


[Site "https://www.chess.com"]

[Event "Titled Tuesday Blitz August 15 Late 2023"]
[White "dodoucb"]
[Black "Ghazarian, Kirk"]
[BlackFideId "30908604"]
[WhiteElo "2419"]
[BlackElo "2751"]
[Result "1/2-1/2"]
[Round "5"]
[TimeControl "180+1"]
[Date "2023.08.15"]
[WhiteClock "0:00:06"]
[BlackClock "0:00:07"]
[Board "42"]

1. d4 d5 2. c4 e6 3. Nc3 a6 4. c5 b6 5. cxb6 cxb6 6. Bf4 Nc6 7. e3 Bb7 8. Bd3 Nge7 9. Nf3 Ng6 10. Bg3 Be7 11. Rc1 Rc8 12. h4 Bd6 13. Bxd6 Qxd6 14. Qe2 Nb4 15. Bb1 Ne7 16. a3 Nbc6 17. Bd3 b5 18. O-O h6 19. e4 dxe4 20. Nxe4 Qb8 21. Nc5 Rc7 22. Rfd1 Na5 23. Ne5 Bc8 24. b4 Nac6 25. Nxc6 Rxc6 26. Be4 Rd6 27. d5 O-O 28. dxe6 Bxe6 29. Rxd6 Qxd6 30. Rd1 Qb6 31. Qd2 Nc8 32. Bc2 h5 33. Qd3 g6 34. Re1 Rd8 35. Qc3 Bd5 36. Rd1 Ne7 37. Qg3 Qc6 38. Qg5 Re8 39. Re1 Qd6 40. Bd3 Kg7 41. Bf1 f6 42. Qd2 Kf7 43. Qd4 Rd8 44. Rd1 Qc6 45. Qe3 Qc8 46. Re1 Nf5 47. Qf4 Re8 48. Rd1 Bc6 49. Bd3 Re7 50. Bxf5 Qxf5 51. Qh6 Qg4 52. Qh7+ Kf8 53. Rd8+ Be8 54. Qh8+ Kf7 55. Qh7+ Kf8 56. Qh8+ Kf7 57. Qh7+ Kf8 1/2-1/2


[Site "https://www.chess.com"]

[Event "Titled Tuesday Blitz August 15 Late 2023"]
[White "BeautiFullMindChess"]
[Black "Boruchovsky, Avital"]
[BlackFideId "2800055"]
[WhiteElo "2232"]
[BlackElo "2742"]
[Result "0-1"]
[Round "5"]
[TimeControl "180+1"]
[Date "2023.08.15"]
[WhiteClock "0:00:19"]
[BlackClock "0:01:29"]
[Board "43"]

1. e4 e6 2. d4 d5 3. exd5 exd5 4. Nf3 Nc6 5. Bb5 Bd6 6. c4 dxc4 7. O-O Ne7 8. Bxc4 O-O 9. Nc3 Bg4 10. h3 Bxf3 11. Qxf3 Nxd4 12. Qxb7 Nec6 13. Be3 Rb8 14. Qa6 Rb6 15. Qa4 Rb4 16. Qa6 Nb8 17. Qxa7 Ndc6 18. Bxf7+ Rxf7 19. Qa8 Qf6 20. Nd5 Qe5 21. Rfd1 Qh2+ 22. Kf1 Rxb2 23. Bd2 Qh1+ 24. Ke2 Qxg2 25. Rf1 Qxd5 0-1


[Site "https://www.chess.com"]

[Event "Titled Tuesday Blitz August 15 Late 2023"]
[White "Chor, Kevin"]
[Black "Sarana, Alexey"]
[WhiteFideId "2090740"]
[BlackFideId "24133795"]
[WhiteElo "2565"]
[BlackElo "3060"]
[Result "1-0"]
[Round "5"]
[TimeControl "180+1"]
[Date "2023.08.15"]
[WhiteClock "0:00:05"]
[BlackClock "0:01:04"]
[Board "44"]

1. e4 e5 2. Nf3 Nc6 3. Bb5 Nf6 4. d3 Bc5 5. c3 d6 6. O-O O-O 7. Nbd2 Ne7 8. d4 exd4 9. cxd4 Bb6 10. Re1 Ng6 11. Nf1 Bg4 12. d5 a6 13. Bd3 Ne5 14. Bg5 Bxf3 15. gxf3 Ng6 16. Ng3 h6 17. Be3 Bxe3 18. fxe3 Nd7 19. f4 Qh4 20. Nf5 Qf6 21. b4 a5 22. Rc1 axb4 23. Rxc7 Nc5 24. e5 Nxe5 25. fxe5 Qxe5 26. Ne7+ Kh8 27. Bb1 Ra3 28. Qc2 Nd3 29. Re2 Qg5+ 30. Kh1 Qxd5+ 31. Nxd5 f5 32. Nf4 Ne5 33. Re7 Rf6 34. Rxe5 dxe5 35. Nd5 Rf8 36. Rf2 e4 37. Rxf5 Rd8 38. Qc7 Rg8 39. Ne7 Re8 40. Re5 Kh7 41. Bxe4+ Kh8 42. Ng6+ Kg8 43. Rxe8+ Kh7 44. Rg8 Kxg8 45. Qd8+ Kf7 46. Qd7+ Kf6 47. Qf5# 1-0


[Site "https://www.chess.com"]

[Event "Titled Tuesday Blitz August 15 Late 2023"]
[White "Hambleton, Aman"]
[Black "maksimys18"]
[WhiteFideId "2606577"]
[WhiteElo "2779"]
[BlackElo "2565"]
[Result "1-0"]
[Round "5"]
[TimeControl "180+1"]
[Date "2023.08.15"]
[WhiteClock "0:00:47"]
[BlackClock "0:00:55"]
[Board "45"]

1. d4 e6 2. Bf4 d5 3. e3 Bd6 4. Nd2 Bxf4 5. exf4 f5 6. Ngf3 Nf6 7. Ne5 O-O 8. c3 Nbd7 9. Nxd7 Bxd7 10. Bd3 Ne4 11. Qe2 c5 12. Nf3 Qc7 13. Qe3 Rac8 14. O-O Rf6 15. g3 b6 16. Rfe1 Rh6 17. Kg2 Rf8 18. h4 c4 19. Bc2 b5 20. Ne5 Re8 21. a4 bxa4 22. Nxd7 Qxd7 23. Bxa4 Qe7 24. Bxe8 Qxe8 25. f3 Nd6 26. Rxa7 Qb5 27. Qe5 Ne8 28. Re7 Kf8 29. Rxe6 Rxe6 30. Qxe6 Qxb2+ 31. Re2 Qb8 32. Qe7+ Kg8 33. Qxe8+ Qxe8 34. Rxe8+ Kf7 35. Re5 Kg6 36. g4 h6 37. Re6+ Kh7 38. gxf5 h5 39. Kf2 Kg8 40. Rg6 Kh7 41. Ke2 Kh8 42. Kd2 Kh7 43. Kc2 Kh8 44. Kb2 Kh7 45. Ka3 Kh8 46. Kb4 Kh7 47. Kc5 Kh8 48. Kxd5 Kh7 49. Kxc4 Kh8 50. d5 Kh7 51. Kd4 Kh8 52. Ke5 Kh7 53. c4 Kh8 54. c5 Kh7 55. Rg5 Kh8 56. Rxh5+ Kg8 57. Rg5 Kf7 58. Rg6 Kg8 59. h5 Kh7 60. f6 Kh8 61. Kf5 Kh7 62. Rxg7+ Kh8 63. Re7 Kg8 64. h6 Kf8 65. Rg7 Ke8 66. Ke6 Kd8 67. d6 Kc8 68. c6 Kb8 69. Re7 Ka8 70. Kf7 Kb8 71. Ke8 Kc8 72. f7 Kb8 73. h7 Ka8 74. h8=Q Kb8 75. Qd4 Kc8 76. f8=R Kb8 77. Rh8 Ka8 78. f5 Kb8 79. f6 Kc8 80. f7 Kb8 81. f8=B Ka8 82. f4 Kb8 83. f5 Kc8 84. f6 Kb8 85. f7 Ka8 86. Bh6 Kb8 87. Bc1 Kc8 88. Rh1 Kb8 89. f8=N Ka8 90. Ng6 Kb8 91. Nf4 Kc8 92. Nh3 Kb8 93. Qd1 Ka8 94. Ng1 Kb8 95. Kf7 Kc8 96. Ke6 Kb8 97. Kd5 Ka8 98. Kc5 Kb8 99. Kb6 Kc8 100. Rb7 Kd8 101. Rc7 Ke8 102. Rd7 Kf8 103. Re7 Kg8 104. c7 1-0


[Site "https://www.chess.com"]

[Event "Titled Tuesday Blitz August 15 Late 2023"]
[White "Haydon, David L"]
[Black "Hajiyev, Kanan"]
[WhiteFideId "415405"]
[BlackFideId "13404148"]
[WhiteElo "2744"]
[BlackElo "2558"]
[Result "1-0"]
[Round "5"]
[TimeControl "180+1"]
[Date "2023.08.15"]
[WhiteClock "0:00:43"]
[BlackClock "0:00:00"]
[Board "46"]

1. d4 Nf6 2. Nc3 e6 3. Bf4 Bb4 4. Qd3 d5 5. a3 Ba5 6. f3 O-O 7. e3 Nbd7 8. b4 Bb6 9. Na4 Nh5 10. Bg3 Qg5 11. Ne2 Re8 12. Bf2 c6 13. g4 Nhf6 14. h4 Qg6 15. Qd2 e5 16. dxe5 Nxe5 17. Bg2 Nc4 18. Qd3 Bxe3 19. Kf1 Bxf2 20. Kxf2 Bxg4 21. Qxg6 hxg6 22. fxg4 Nxg4+ 23. Kg3 Rxe2 24. Bf3 Re3 25. Kxg4 Rae8 26. Rhf1 Nd2 27. Rf2 f5+ 28. Kg3 Ne4+ 29. Kg2 Nxf2 30. Kxf2 Kf7 31. Nc5 b6 32. Nd3 Kf6 33. Rg1 a5 34. bxa5 bxa5 35. Nf4 Rxa3 36. Rxg6+ Kf7 37. Rxc6 Ra2 38. Bxd5+ 1-0


[Site "https://www.chess.com"]

[Event "Titled Tuesday Blitz August 15 Late 2023"]
[White "Fernandez Guillen, Ernesto J."]
[Black "Postlmayer, Jakob"]
[WhiteFideId "3512428"]
[BlackFideId "1643622"]
[WhiteElo "2740"]
[BlackElo "2550"]
[Result "1-0"]
[Round "5"]
[TimeControl "180+1"]
[Date "2023.08.15"]
[WhiteClock "0:00:57"]
[BlackClock "0:00:44"]
[Board "47"]

1. e4 c6 2. d4 d5 3. e5 Bf5 4. c3 e6 5. Bd3 Bxd3 6. Qxd3 Ne7 7. Ne2 Nf5 8. O-O c5 9. Nd2 Nc6 10. Nf3 cxd4 11. cxd4 Be7 12. g4 Nh4 13. Nxh4 Bxh4 14. f4 Be7 15. f5 Qb6 16. Be3 O-O-O 17. fxe6 fxe6 18. Rf7 g6 19. Rc1 Rde8 20. Bh6 Kb8 21. Kh1 Nd8 22. Rf3 Bf8 23. Bg5 Be7 24. Bf6 Bxf6 25. Rxf6 Re7 26. Qa3 Rhe8 27. Rc5 a6 28. Qc3 Rc7 29. b4 Rxc5 30. Qxc5 Qxc5 31. bxc5 Kc7 32. Kg2 Kd7 33. g5 Ke7 34. h4 Nc6 35. Kf3 b6 36. cxb6 Rb8 37. Ke3 Rxb6 38. Nf4 Nd8 39. Nxd5+ 1-0


[Site "https://www.chess.com"]

[Event "Titled Tuesday Blitz August 15 Late 2023"]
[White "ArtemDyachuk"]
[Black "Matinian, Nikita"]
[BlackFideId "24129100"]
[WhiteElo "2545"]
[BlackElo "2721"]
[Result "0-1"]
[Round "5"]
[TimeControl "180+1"]
[Date "2023.08.15"]
[WhiteClock "0:00:00"]
[BlackClock "0:01:51"]
[Board "48"]

1. e4 c5 2. Nf3 Nc6 3. Bb5 g6 4. O-O Bg7 5. Bxc6 dxc6 6. h3 Nf6 7. d3 Nd7 8. Nc3 e5 9. Be3 b6 10. Nd2 Nf8 11. f4 exf4 12. Bxf4 Ne6 13. Bg3 O-O 14. Nc4 Ba6 15. Nd2 Qg5 16. Kh2 Rad8 17. Nf3 Qe7 18. e5 c4 19. d4 f5 20. d5 cxd5 0-1


[Site "https://www.chess.com"]

[Event "Titled Tuesday Blitz August 15 Late 2023"]
[White "Leiva, Gianmarco"]
[Black "D`Arruda, Ricardo D."]
[WhiteFideId "3804399"]
[BlackFideId "100692"]
[WhiteElo "2709"]
[BlackElo "2536"]
[Result "0-1"]
[Round "5"]
[TimeControl "180+1"]
[Date "2023.08.15"]
[WhiteClock "0:00:00"]
[BlackClock "0:00:08"]
[Board "49"]

1. Nf3 d5 2. g3 Nf6 3. Bg2 g6 4. O-O Bg7 5. d4 O-O 6. c4 c6 7. b3 Ne4 8. Bb2 Nd7 9. e3 Ndf6 10. Nbd2 Nxd2 11. Qxd2 Ne4 12. Qe2 Bg4 13. h3 Bf5 14. Rac1 Qa5 15. Ba1 Rfd8 16. Rfd1 Rac8 17. Ne5 Nf6 18. Bc3 Qa6 19. Bb4 Kf8 20. Nd3 Be4 21. Bf1 b6 22. Nf4 dxc4 23. bxc4 Qb7 24. f3 Bf5 25. e4 Bd7 26. e5 Ng8 27. e6 Bxe6 28. Nxe6+ fxe6 29. Qe4 Qc7 30. Kg2 c5 31. dxc5 bxc5 32. Be1 Rd6 33. Rxd6 Qxd6 34. Bf2 Bd4 35. Rd1 e5 36. Be1 Nf6 37. Qh4 Kg7 38. Bd2 h5 39. Bg5 Rb8 40. g4 Rb2+ 41. Rd2 Rxd2+ 42. Bxd2 e4 43. gxh5 exf3+ 44. Kxf3 Qc6+ 45. Ke2 Qe4+ 46. Kd1 Qxh4 47. h6+ Kh7 48. Bd3 Ne4 49. Be1 Bf2 50. Ba5 Qf4 0-1


[Site "https://www.chess.com"]

[Event "Titled Tuesday Blitz August 15 Late 2023"]
[White "Barp, Alberto"]
[Black "Dragomirescu, Robin-Alexandru"]
[WhiteFideId "872555"]
[BlackFideId "1213849"]
[WhiteElo "2705"]
[BlackElo "2531"]
[Result "0-1"]
[Round "5"]
[TimeControl "180+1"]
[Date "2023.08.15"]
[WhiteClock "0:00:22"]
[BlackClock "0:00:58"]
[Board "50"]

1. d4 d5 2. c4 Nc6 3. Nf3 Bg4 4. Nc3 Bxf3 5. gxf3 e6 6. cxd5 exd5 7. e4 Bb4 8. a3 Bxc3+ 9. bxc3 Nge7 10. Rb1 Na5 11. exd5 Nxd5 12. Qe2+ Kf8 13. Bd2 Qd6 14. c4 Re8 15. Be3 Nxe3 16. fxe3 Qxa3 17. Kf2 Nxc4 18. Qxc4 Qxe3+ 19. Kg3 Qg5+ 20. Kf2 Qe3+ 21. Kg3 h5 22. h4 Rh6 23. Bd3 Rf6 24. Rhf1 Qf4+ 25. Kh3 Re3 26. Be2 Qg4+ 27. Kh2 Qxh4+ 28. Kg2 Rg6# 0-1


[Site "https://www.chess.com"]

[Event "Titled Tuesday Blitz August 15 Late 2023"]
[White "Poltorak, Sebastian"]
[Black "Gubajdullin, Alexei"]
[WhiteFideId "1199498"]
[BlackFideId "4141202"]
[WhiteElo "2530"]
[BlackElo "2702"]
[Result "1-0"]
[Round "5"]
[TimeControl "180+1"]
[Date "2023.08.15"]
[WhiteClock "0:00:08"]
[BlackClock "0:00:00"]
[Board "51"]

1. e4 g6 2. d4 d6 3. Nc3 a6 4. Be3 b5 5. g4 Nd7 6. Bg2 Bb7 7. h4 h5 8. gxh5 Rxh5 9. Nge2 Ngf6 10. Ng3 Rh7 11. h5 Nxh5 12. Nxh5 gxh5 13. Rxh5 Rxh5 14. Qxh5 Nf6 15. Qh8 Ng4 16. O-O-O Nxe3 17. fxe3 e6 18. Qh5 Qe7 19. Rf1 b4 20. Ne2 a5 21. c3 bxc3 22. Nxc3 a4 23. a3 Bg7 24. Nxa4 Kf8 25. Nc3 c5 26. d5 Kg8 27. Bh3 exd5 28. Nxd5 Bxd5 29. Qxd5 Rb8 30. Rxf7 Qe5 31. Rb7+ Kh7 32. Qxe5 Rxb7 33. Qh5+ Kg8 34. Be6+ Kf8 35. Qf5+ Ke8 36. Bd5 Rc7 37. Qe6+ Kd8 38. Qxd6+ 1-0


[Site "https://www.chess.com"]

[Event "Titled Tuesday Blitz August 15 Late 2023"]
[White "RrainlessBobot"]
[Black "Timmermans, Mark"]
[BlackFideId "1026399"]
[WhiteElo "2530"]
[BlackElo "2702"]
[Result "1-0"]
[Round "5"]
[TimeControl "180+1"]
[Date "2023.08.15"]
[WhiteClock "0:00:33"]
[BlackClock "0:00:22"]
[Board "52"]

1. Nf3 Nf6 2. g3 e6 3. Bg2 d5 4. O-O Be7 5. d3 O-O 6. Nbd2 b5 7. e4 Bb7 8. e5 Nfd7 9. Re1 c5 10. Nf1 Nc6 11. h4 a5 12. h5 a4 13. h6 g6 14. a3 b4 15. N1h2 Qb6 16. Ng4 Nd4 17. Nxd4 cxd4 18. axb4 Qxb4 19. Bd2 Qc5 20. c3 a3 21. cxd4 Qxd4 22. Bc3 Qc5 23. d4 Qc7 24. Qd2 Nb6 25. bxa3 Nc4 26. Qf4 Nxa3 27. Bb4 Nc4 28. Bxe7 Qxe7 29. Reb1 Bc6 30. Bf1 Rfb8 31. Nf6+ Kh8 32. Qg5 Qd8 33. Bd3 Rxa1 34. Rxa1 Ra8 35. Rxa8 Bxa8 36. Nxh7 Qg8 37. Nf6 Qd8 38. Bxg6 Nd2 39. Bh5 1-0


[Site "https://www.chess.com"]

[Event "Titled Tuesday Blitz August 15 Late 2023"]
[White "Olenik Campa, Rudi"]
[Black "Papp, Levente"]
[WhiteFideId "14633264"]
[BlackFideId "751243"]
[WhiteElo "2520"]
[BlackElo "2674"]
[Result "0-1"]
[Round "5"]
[TimeControl "180+1"]
[Date "2023.08.15"]
[WhiteClock "0:00:05"]
[BlackClock "0:00:24"]
[Board "53"]

1. e4 e6 2. d4 d5 3. exd5 exd5 4. Bd3 Nc6 5. c3 Bd6 6. Nf3 Nge7 7. O-O Bg4 8. a4 Qd7 9. b4 O-O 10. Nbd2 Ng6 11. Re1 Rfe8 12. h3 Rxe1+ 13. Qxe1 Re8 14. Qf1 Bf5 15. Nb3 Be4 16. Be2 Qf5 17. b5 Nd8 18. Nc5 Nf4 19. Bxf4 Qxf4 20. g3 Qf6 21. Nh2 Bxc5 22. dxc5 Qxc3 23. Rc1 Qb4 24. Qd1 Ne6 25. c6 b6 26. Bf3 Nd4 27. Bxe4 Rxe4 28. Kg2 h6 29. Qh5 Qd6 30. Rd1 Re5 31. Qg4 Ne6 32. Nf3 Re2 33. Nd4 Re4 34. Nf5 Rxg4 35. Nxd6 Rxa4 36. Nc8 d4 37. Ne7+ Kf8 38. Nd5 Ra5 39. Rb1 a6 40. bxa6 Rxd5 41. Ra1 Rd8 42. Kf3 Ra8 43. a7 Nd8 0-1


[Site "https://www.chess.com"]

[Event "Titled Tuesday Blitz August 15 Late 2023"]
[White "Radivojevic, Ivan"]
[Black "Rastbod, Ali"]
[WhiteFideId "928461"]
[BlackFideId "12567477"]
[WhiteElo "2519"]
[BlackElo "2667"]
[Result "0-1"]
[Round "5"]
[TimeControl "180+1"]
[Date "2023.08.15"]
[WhiteClock "0:00:03"]
[BlackClock "0:00:13"]
[Board "54"]

1. e4 c5 2. Nc3 Nc6 3. Bb5 Nd4 4. Nf3 g6 5. O-O Bg7 6. Re1 e6 7. Bf1 Ne7 8. Nxd4 cxd4 9. Nb5 Qb6 10. c3 Nc6 11. Nd6+ Ke7 12. Nxc8+ Raxc8 13. h4 h6 14. g3 Ne5 15. Bg2 d3 16. b3 g5 17. h5 g4 18. Ba3+ d6 19. c4 Bf6 20. Bb2 Nf3+ 21. Bxf3 Bxb2 22. Bxg4 Bxa1 23. Qxa1 Rhg8 24. Qd1 Qd4 25. Re3 f5 26. Bh3 f4 27. Rf3 Rxg3+ 28. Rxg3 fxg3 29. Qf3 Qxf2+ 30. Qxf2 gxf2+ 31. Kxf2 b5 32. cxb5 Rc2 33. Ke3 Rxa2 34. Bf1 Rb2 35. Bxd3 Rxb3 36. Kd4 Ra3 37. Be2 Kd7 38. Bg4 Ke7 39. Be2 Ra1 40. Bf3 Rc1 41. Be2 e5+ 42. Kd3 Kd7 43. Ke3 Kc7 44. d4 Kb6 45. dxe5 dxe5 46. Kd2 Rc5 47. Bd3 Rxb5 48. Bxb5 Kxb5 49. Kc3 Kc5 50. Kd3 Kb4 51. Kc2 Kc4 52. Kd2 Kd4 0-1


[Site "https://www.chess.com"]

[Event "Titled Tuesday Blitz August 15 Late 2023"]
[White "Castella Garcia, Fausto"]
[Black "Veiga, Jose Francisco R P Neves"]
[WhiteFideId "3501922"]
[BlackFideId "1930087"]
[WhiteElo "2511"]
[BlackElo "2659"]
[Result "0-1"]
[Round "5"]
[TimeControl "180+1"]
[Date "2023.08.15"]
[WhiteClock "0:00:00"]
[BlackClock "0:00:15"]
[Board "55"]

1. e4 Nc6 2. Nf3 d6 3. d4 Nf6 4. Nc3 g6 5. Bg5 Bg7 6. e5 Nd7 7. exd6 cxd6 8. Qd2 O-O 9. h4 Qa5 10. O-O-O e5 11. d5 Nd4 12. Bh6 Nxf3 13. gxf3 Nf6 14. h5 Bf5 15. hxg6 fxg6 16. Bxg7 Kxg7 17. Bh3 Bxh3 18. Rxh3 Rac8 19. Kb1 Kg8 20. Rdh1 Rf7 21. f4 exf4 22. Rh4 Rxc3 23. Qxc3 Qxc3 24. bxc3 Nxd5 25. c4 Nb6 26. Rd1 Nxc4 27. Rd4 b5 28. Rdxf4 Re7 29. Rh1 a6 30. a4 Kg7 31. axb5 axb5 32. Rd1 h5 33. Rd5 Re5 34. Rxe5 dxe5 35. Rh4 Kh6 36. Kc1 g5 37. Rh1 g4 38. Kd1 Kg5 39. Ke2 h4 40. Rd1 h3 41. Kf1 Kf4 42. Rd5 Na3 43. Rc5 b4 44. Kg1 e4 45. Kh2 Kf3 46. Rf5+ Ke2 47. Rf4 Nxc2 48. Rxe4+ Kf3 49. Rc4 b3 50. Rc3+ Kxf2 51. Rxb3 Ne3 52. Rb2+ Kf3 53. Rb3 Kf4 54. Rb4+ Kg5 55. Re4 Nf5 56. Re5 Kf4 57. Re8 Nh4 58. Rf8+ Ke3 59. Rg8 Kf3 60. Rf8+ Ke3 61. Re8+ Kf2 62. Rg8 Nf3+ 63. Kh1 Ne5 64. Rg5 g3 0-1


[Site "https://www.chess.com"]

[Event "Titled Tuesday Blitz August 15 Late 2023"]
[White "NigelDwarf"]
[Black "Goltsev, Dmitry"]
[BlackFideId "24176710"]
[WhiteElo "2496"]
[BlackElo "2648"]
[Result "0-1"]
[Round "5"]
[TimeControl "180+1"]
[Date "2023.08.15"]
[WhiteClock "0:00:01"]
[BlackClock "0:01:20"]
[Board "56"]

1. Nf3 Nf6 2. c4 c5 3. g3 g6 4. Bg2 Bg7 5. O-O O-O 6. Nc3 Nc6 7. d3 d6 8. Bg5 Bg4 9. h3 Bd7 10. Ne1 h6 11. Bxf6 Bxf6 12. a3 a6 13. Rb1 Rb8 14. Nd5 Bg7 15. b4 e6 16. Ne3 b5 17. cxb5 axb5 18. Rc1 Bb2 19. bxc5 Bxc1 20. Qxc1 Nd4 21. Kh2 dxc5 22. Qxc5 Bc6 23. Bxc6 Rc8 24. Ng4 Rxc6 25. Qe5 f6 26. Qf4 h5 27. Qh6 Qe8 28. Ne3 Nf5 29. Nxf5 exf5 30. Nf3 Rc7 31. Nh4 Rg7 32. Rg1 g5 33. Nxf5 Rh7 34. Ne7+ Rxe7 0-1


[Site "https://www.chess.com"]

[Event "Titled Tuesday Blitz August 15 Late 2023"]
[White "Nathan, Nitish"]
[Black "Valenzuela Gomez, Fernando"]
[WhiteFideId "30927870"]
[BlackFideId "3409392"]
[WhiteElo "2471"]
[BlackElo "2638"]
[Result "1-0"]
[Round "5"]
[TimeControl "180+1"]
[Date "2023.08.15"]
[WhiteClock "0:00:11"]
[BlackClock "0:00:03"]
[Board "57"]

1. d4 d5 2. Bf4 h5 3. h3 Nc6 4. e3 f6 5. Be2 g6 6. Nf3 Bh6 7. Bh2 e6 8. c4 Nge7 9. Nc3 a6 10. cxd5 exd5 11. O-O Kf7 12. e4 dxe4 13. Nxe4 Nd5 14. Qb3 Na5 15. Qc2 Bf5 16. Bd3 Nc6 17. a3 Bf4 18. Bxf4 Nxf4 19. Nc5 Nxd3 20. Qc4+ Kg7 21. Nxd3 Be4 22. Nc5 Bd5 23. Qc3 Rb8 24. Rfe1 Qd6 25. Re3 b6 26. Nxa6 Ra8 27. Nxc7 Qxc7 28. Rae1 Qd7 29. Nh4 Rhe8 30. Qd3 f5 31. Qd2 Bf7 32. d5 Na5 33. Qd4+ Kg8 34. Qf6 Nc4 35. Re7 Rxe7 36. Rxe7 Qxd5 37. Nxg6 Qd1+ 38. Kh2 Qd6+ 39. Qxd6 Nxd6 40. Ne5 Kf8 41. Rd7 Nc4 42. Nxf7 Nxb2 43. Nd6 Rxa3 44. Rf7+ Kg8 45. Rxf5 Nd3 46. Rxh5 Nxf2 47. Rb5 Ra6 48. Nc4 Nd3 49. Rxb6 Ra4 50. Ne3 Ra2 51. Rd6 Ne1 52. Rc6 Re2 53. Re6 Kg7 54. Re4 Kh7 55. Rh4+ Kg8 56. Rg4+ Kh7 57. Nf5 Nf3+ 58. Kg3 Ne5 59. Rf4 Rb2 60. Ne3 Rb3 61. Re4 Ng6 62. Re6 Kh6 63. h4 Kg7 64. Kg4 Nf8 65. Re8 Kf7 66. Re4 Nd7 67. Rf4+ Kg7 68. Nf5+ Kh7 69. Kg5 Ne5 70. g4 Rb6 71. h5 Nf7+ 72. Kh4 Rb1 73. g5 Rh1+ 74. Kg4 Rg1+ 75. Ng3 Nxg5 76. Rb4 Nf7 77. Rb7 Kg7 78. Kh4 Rg2 79. h6+ Kxh6 80. Rxf7 Rh2+ 81. Kg4 Rg2 82. Rf6+ Kg7 83. Ra6 Rg1 84. Kf4 Kg8 85. Nf5 Rf1+ 86. Kg5 Rg1+ 87. Kf6 Rf1 88. Ra8+ Kh7 89. Ra7+ Kg8 90. Ra2 Rf3 91. Rg2+ Kf8 92. Rh2 Rf1 93. Rh8# 1-0


[Site "https://www.chess.com"]

[Event "Titled Tuesday Blitz August 15 Late 2023"]
[White "SmirnovAlexandrA"]
[Black "Gurevich, Dmitry"]
[BlackFideId "2000407"]
[WhiteElo "2629"]
[BlackElo "2469"]
[Result "1/2-1/2"]
[Round "5"]
[TimeControl "180+1"]
[Date "2023.08.15"]
[WhiteClock "0:01:18"]
[BlackClock "0:01:42"]
[Board "58"]

1. e4 c5 2. Nf3 d6 3. Bc4 e6 4. Qe2 Nf6 5. e5 dxe5 6. Nxe5 Bd6 7. f4 O-O 8. O-O Qc7 9. b3 Nc6 10. Nxc6 Qxc6 11. Bb2 Qe4 12. Nc3 Qxe2 13. Bxe2 Bd7 14. Bf3 Rab8 15. Ne4 Nxe4 16. Bxe4 Rfc8 17. d3 Bc6 18. Bxc6 Rxc6 19. f5 exf5 20. Rxf5 Re8 21. g3 Bf8 22. Raf1 f6 23. Kg2 Rce6 24. a4 b6 25. Rd5 Rd6 26. Rxd6 Bxd6 27. Bc3 Re2+ 28. Rf2 Rxf2+ 29. Kxf2 Kf7 30. Kf3 1/2-1/2


[Site "https://www.chess.com"]

[Event "Titled Tuesday Blitz August 15 Late 2023"]
[White "MrAnnihilation"]
[Black "Nefedov, Sergey"]
[BlackFideId "24113417"]
[WhiteElo "2444"]
[BlackElo "2626"]
[Result "0-1"]
[Round "5"]
[TimeControl "180+1"]
[Date "2023.08.15"]
[WhiteClock "0:00:19"]
[BlackClock "0:00:15"]
[Board "59"]

1. e4 d5 2. exd5 Qxd5 3. d4 Nf6 4. Nf3 Bg4 5. Be2 Nc6 6. Be3 O-O-O 7. Nbd2 Qh5 8. O-O e5 9. dxe5 Nxe5 10. Re1 Bd6 11. h3 Bxh3 12. Nxe5 Qxe5 13. Nf3 Qh5 14. gxh3 Qxh3 15. Bf1 Qh5 16. Bg2 Bh2+ 17. Nxh2 Rxd1 18. Raxd1 Re8 19. Rd4 Qf5 20. Red1 h5 21. c3 g5 22. a4 g4 23. Rf4 Qe6 24. a5 a6 25. b4 c6 26. c4 g3 27. Nf1 gxf2+ 28. Kxf2 Ng4+ 29. Rxg4 hxg4 30. b5 axb5 31. cxb5 cxb5 32. Rd2 Re7 33. Bf4 Qc4 34. Ne3 Qxf4+ 0-1


[Site "https://www.chess.com"]

[Event "Titled Tuesday Blitz August 15 Late 2023"]
[White "Ibadov, Dashgyn"]
[Black "Mazurkiewicz, Michal"]
[WhiteFideId "24107514"]
[BlackFideId "1124943"]
[WhiteElo "2601"]
[BlackElo "2429"]
[Result "1-0"]
[Round "5"]
[TimeControl "180+1"]
[Date "2023.08.15"]
[WhiteClock "0:01:09"]
[BlackClock "0:00:03"]
[Board "60"]

1. e4 d6 2. d4 Nf6 3. Nc3 c6 4. Nf3 Bg4 5. h3 Bh5 6. Be3 e6 7. Be2 d5 8. e5 Nfd7 9. O-O c5 10. dxc5 Bxf3 11. Bxf3 Nxe5 12. Be2 Nbc6 13. f4 d4 14. fxe5 dxe3 15. Qe1 Bxc5 16. Qg3 O-O 17. Ne4 Be7 18. Nf6+ Kh8 19. Qh4 gxf6 20. exf6 Bxf6 21. Rxf6 Ne5 22. Raf1 Ng6 23. Qh6 Qd4 24. Rxf7 Rxf7 25. Rxf7 Nf8 26. Rxf8+ Rxf8 27. Qxf8# 1-0


[Site "https://www.chess.com"]